 Dungeon Crawl Stone Soup version 0.31-a0-881-ge136f0c47a (webtiles) character file.

Game seed: 4747900764932929572

90 inmateoo the Shield-Bearer (level 4, -2/40 HPs)
             Began as a Minotaur Fighter on Oct 16, 2023.
             Slain by a gnoll
             ... wielding a +2 spear of flaming
              (3 damage)
             ... on level 2 of the Dungeon.
             The game lasted 00:01:09 (836 turns).

inmateoo the Shield-Bearer (Minotaur Fighter)        Turns: 836, Time: 00:01:10

Health: -2/40      AC: 14    Str: 21    XL:     4   Next: 32%
Magic:  3/3        EV:  6    Int:  5    God:
Gold:   57         SH:  4    Dex: 11    Spells: 3/3 levels left

rFire   . . .        a - +0 long sword
rCold   . . .        c - +0 buckler
rNeg    . . .        m - +0 plate armour
rPois   .            (helmet restricted)
rElec   .            (no cloak)
rCorr   .            b - +0 pair of gloves
SInv    .            e - +0 pair of boots
Will    .....        (no amulet) Stlth
                     (no ring)
HPRegen 0.26/turn    (no ring)
MPRegen 0.08/turn

%: no passive effects
@: no status effects
A: horns 2, retaliatory headbutt
a: no special abilities


You were on level 2 of the Dungeon.
You visited 1 branch of the dungeon, and saw 2 of its levels.

You collected 57 gold pieces.

Inventory:

Hand Weapons
 a - a +0 long sword (weapon)
Missiles
 n - a throwing net
Armour
 b - a +0 pair of gloves (worn)
 c - a +0 buckler (worn)
 e - a +0 pair of boots (worn)
 m - a +0 plate armour (worn)
Scrolls
 f - a scroll of fear {unknown}
 g - a scroll of amnesia {unknown}
 h - 2 scrolls of immolation {unknown}
 i - 2 scrolls of teleportation {unknown}
 j - a scroll of silence {unknown}
 l - a scroll of identify {unknown}
Potions
 d - a potion of might
 k - a potion of curing


   Skills:
 + Level 4.1 Fighting
 * Level 3.9 Long Blades
 + Level 4.1 Armour
 + Level 1.2 Dodging
 + Level 4.1 Shields


You had 3 spell levels left.
You didn't know any spells.
Your spell library was empty.

Dungeon Overview and Level Annotations

Branches:
Dungeon (2/15)

Altars:


Innate Abilities, Weirdness & Mutations

You have a pair of horns on your head.
You reflexively headbutt those who attack you in melee.


Message History

The gnoll shouts! x3
You slash the gnoll! You headbutt the gnoll.
You kill the gnoll!
The quokka bites you but does no damage.
The gnoll hits you with a +2 spear of flaming.
The gnoll burns you.
Things that are here:
a +0 flail; a gnoll corpse You completely miss the gnoll.
Your headbutt misses the gnoll. The quokka bites you.
The gnoll barely misses you.
The gnoll hits you but does no damage. x2
You barely miss the gnoll. You headbutt the gnoll!
The gnoll is severely wounded.
You block the quokka's attack. The gnoll hits you with a +0 flail.
You block the gnoll's attack.
The gnoll hits you with a +2 spear of flaming!
The gnoll burns you. The quokka barely misses you.
You hit the gnoll but do no damage.
The gnoll is severely wounded.
The gnoll hits you with a +0 flail.
The gnoll hits you but does no damage. x2
The quokka bites you but does no damage.
The gnoll hits you but does no damage.
The gnoll hits you with a +2 spear of flaming.
The gnoll burns you.
The gnoll hits you from afar with a +0 spear.
You are too injured to fight recklessly!
You are too injured to fight recklessly!
The quokka bites you but does no damage.
The gnoll hits you from afar with a +2 spear of flaming!
* * * LOW HITPOINT WARNING * * *
The gnoll burns you.
* * * LOW HITPOINT WARNING * * *
It was a potion of curing.
You feel better.
The quokka bites you but does no damage.
The gnoll closely misses you. You furiously retaliate!
You headbutt the gnoll!
You kill the gnoll!
The gnoll hits you from afar with a +2 spear of flaming!
* * * LOW HITPOINT WARNING * * *
The gnoll burns you.
You die...

........)..#.#
#...........#.#...
.............#
#############.###)
###........### ..#
#.#... #
######.### #.#
#.#.#. #.# #.#
#.#.## #.#######.#
#.#.##
#.........########
#.#..(
######............
#.###.
#...@........
#.....
#.†)r........
#####.
#...gg....... ..
#............ ##
##^>......?..
#...>..####.
#......# #...$...
#.......#


You could see 2 gnolls and a quokka.

Vanquished Creatures
  2 gnolls (D:2)
  3 adders (D:2)
  2 dart slugs
  5 bats
  4 endoplasms
  4 giant cockroaches
  4 hobgoblins
  4 jackals (D:2)
  4 quokkas
  2 ball pythons (D:2)
  2 frilled lizards
  4 goblins
  3 kobolds
  3 rats
46 creatures vanquished.

Notes
Turn   | Place    | Note
-------+----------+-------------------------------------------
     0 | D:1      | inmateoo the Minotaur Fighter began the quest for the Orb.
     0 | D:1      | Reached XP level 1. HP: 19/19 MP: 0/0
    93 | D:1      | Reached XP level 2. HP: 27/27 MP: 1/1
   486 | D:2      | Reached XP level 3. HP: 30/33 MP: 2/2
   551 | D:2      | Reached skill level 1 in Dodging
   626 | D:2      | Reached XP level 4. HP: 40/40 MP: 3/3
   835 | D:2      | HP: 1/40 [gnoll/+2 spear of flaming (3)]
   836 | D:2      | Slain by a gnoll

Illustrated notes

Levels and vault maps discovered:
D:1:      lemuel_arrival_rhombus, layout_basic, chequers_serial_rivers_room_b
D:2:      kennysheep_the_goblin_king, layout_basic, uniq_natasha

Skill      XL: |  1  2  3 |
---------------+----------+-----
Long Blades    | 3 |  3.9
Armour         | 4 |  4.1
Shields        | 4 |  4.1
Fighting       | 4 |  4.1
Dodging        | 1 |  1.2

Action                     |  1- 3 |  4- 6 || total
---------------------------+-------+-------++-------
  Melee: Long sword        |    91 |    25 ||   116
         Headbutt          |    10 |     6 ||    16
    Use: Potion            |       |     1 ||     1
 Armour: Scale mail        |    57 |     2 ||    59
         Plate armour      |       |    24 ||    24
  Dodge: Dodged            |    39 |    11 ||    50
  Block: Buckler           |    27 |     8 ||    35

Table legend: (Time is in decaauts)
 A = Elapsed time spent in this place.
 B = Non-inter-level travel time spent in this place.
 C = Inter-level travel time spent in this place.
 D = Time resting spent in this place.
 E = Time spent auto-exploring this place.
 F = Levels seen in this place.
 G = Mean time per level.
                   A        B        C        D        E       F      G
               +--------+--------+--------+--------+--------+-----+--------+
         Total |    867 |    854 |     13 |      0 |    558 |   2 |  433.5 |
       Dungeon |    867 |    854 |     13 |      0 |    558 |   2 |  433.5 |
               +--------+--------+--------+--------+--------+-----+--------+

Top non-repeatable levels by time:
     D:1: 485 daAuts
     D:2: 381 daAuts
